 Dungeon Crawl Stone Soup version 0.29.1-14-g9c671dbff4 (webtiles) character file.

Game seed: 686289844175968794

1104 hawla the Stinger (level 8, -3/59 HPs)
             Began as a Meteoran Fire Elementalist on Feb 15, 2023.
             Killed from afar by an electric eel (7 damage)
             ... with a bolt of electricity
             ... on level 5 of the Dungeon.
             The game lasted 00:10:54 (2458 turns).

hawla the Stinger (Meteoran Fire Elementalist)      Turns: 2458, Time: 00:10:55

Health: -3/59      AC:  2    Str:  9    XL:     8   Next: 89%
Magic:  9/15       EV: 13    Int: 20    God:
Gold:   269        SH:  0    Dex: 14    Spells: 2/16 levels left

rFire   . . .      SeeInvis .   b - +0 long sword
rCold   . . .      Faith    .   (no shield)
rNeg    . . .      Spirit   .   a - +0 robe
rPois   .          Reflect  .   (no helmet)
rElec   .          Harm     .   (no cloak)
rCorr   .          Rampage  .   (no gloves)
Will    +....                   (no boots)
Stlth   +.........              c - amulet of magic regeneration
HPRegen 0.19/turn               (no ring)
MPRegen 0.54/turn               (no ring)

@: very slightly contaminated, glowing
A: sense surroundings 1, otherworldly, glowing, explore regen
a: no special abilities


You were on level 5 of the Dungeon.
You visited 1 branch of the dungeon, and saw 5 of its levels.

You collected 269 gold pieces.

Inventory:

Hand Weapons
 b - a +0 long sword (weapon)
Armour
 a - a +0 robe (worn)
Jewellery
 c - an amulet of magic regeneration (around neck)
Scrolls
 f - a scroll of enchant weapon {unknown}
 g - a scroll of poison {unknown}
 h - a scroll of vulnerability {unknown}
Potions
 e - 2 potions of magic
Miscellaneous
 i - a box of beasts


   Skills:
 - Level 1.1 Fighting
 - Level 1.7 Long Blades
 - Level 3.5 Dodging
 - Level 1.4 Stealth
 - Level 4.6 Spellcasting
 - Level 5.5 Conjurations
 - Level 3.0 Necromancy
 - Level 5.8 Fire Magic
 - Level 5.8 Poison Magic


You had 2 spell levels left.
You knew the following spells:

 Your Spells              Type           Power      Damage    Failure   Level
a - Foxfire               Conj/Fire      100%       2x1d9     1%          1
b - Scorch                Fire           56%        2d7       1%          2
c - Flame Wave            Conj/Fire      27%        2d9       12%         4
d - Vampiric Draining     Necr           16%        2d7       11%         3
e - Olgreb's Toxic Radia  Pois           28%        N/A       11%         4

Your spell library contained the following spells:

 Spells                   Type           Power      Damage    Failure   Level
 Sting                    Tmut/Pois      64%        1d6       3%          1
 Poisonous Vapours        Pois/Air       32%        N/A       5%          2
 Static Discharge         Conj/Air       15%        3-5/arc   6%          2
 Slow                     Hex            16%        N/A       12%         1
 Conjure Flame            Conj/Fire      27%        6-21      3%          3
 Inner Flame              Hex/Fire       16%        N/A       11%         3
 Animate Dead             Necr           16%        N/A       34%         4
 Call Canine Familiar     Summ           4%         N/A       36%         3
 Confusing Touch          Hex            4%         N/A       36%         3
 Portal Projectile        Hex/Tloc       8%         N/A       36%         3
 Lightning Bolt           Conj/Air       7%         1d20      73%         5
 Leda's Liquefaction      Hex/Erth       2%         N/A       77%         4
 Haunt                    Necr/Summ      5%         N/A       100%        7
 Infestation              Necr           8%         N/A       100%        8
 Maxwell's Capacitive Co  Air            2%         ∞         100%        8


Dungeon Overview and Level Annotations

Branches:
Dungeon (5/15) Zot: 497
 Temple: D:4-7

Altars:


Innate Abilities, Weirdness & Mutations

You passively map a small area around you.
You are easily found by Zot.
You glow in the dark.
You regain HP and MP as you explore.


Message History

There is an open door here.
You enter the shallow water.
Moving in this stuff is going to be slow.
You start waiting.
HP restored.
You open the door.
The electric eel shoots out a bolt of lightning at you!
The bolt of electricity hits the plant!
The plant begins to die.
The bolt of electricity hits you!
The electric eel shoots out a bolt of lightning at you!
The bolt of electricity hits the plant!
The plant begins to die.
The bolt of electricity hits you!
The electric eel shoots out a bolt of lightning at you!
The bolt of electricity hits the plant!
The bolt of electricity hits you!
The electric eel shoots out a bolt of lightning at you!
The bolt of electricity hits the plant!
The bolt of electricity hits you!
* * * LOW HITPOINT WARNING * * *
There is an open door here.
Casting: Olgreb's Toxic Radiance (dangerous; 11% risk of failure)
Confirm with . or Enter, or press ? or * to list all spells.
You miscast Olgreb's Toxic Radiance.
You are very lightly contaminated with residual magic.
Nothing appears to happen.
Casting: Olgreb's Toxic Radiance (dangerous; 11% risk of failure)
Confirm with . or Enter, or press ? or * to list all spells.
You begin to radiate toxic energy.
The electric eel is poisoned. x3
The electric eel looks even sicker. x2
The electric eel shoots out a bolt of lightning at you!
The bolt of electricity hits the plant!
The bolt of electricity hits you!
* * * LOW HITPOINT WARNING * * *
You feel better.
The electric eel looks even sicker. x2
Your toxic aura wanes.
A nearby plant withers and dies. x2
The electric eel shoots out a bolt of lightning at you!
The bolt of electricity hits you!
* * * LOW HITPOINT WARNING * * *
The electric eel shoots out a bolt of lightning at you!
The bolt of electricity hits the plant.
The plant begins to die.
The bolt of electricity hits you!
You die...

..# #...####≈≈≈##~)...## #. ..##
#.### #≈S)SS######.## ## #..# #.#
#!.?.)##≈≈≈##~# ## #.## #.#
#~P~~~#≈≈~≈≈#~###. ##.## ##.#
#~~.~P#.....#~#... #..# ##..#
#.....#~.~~.#~#... #..##
#...#####.....#...P.#.#...
##..###...##.###'..##.....#.#...
#..##.......#.@#####.....#.#...
#.....#....###..~~~##'..##.#...
####)))...#.########~..####.##...
......).......###..###..~~~####..
.....##.........#...######## #..
##.................##..# ##..
##......#####.....#..## #..#
#......## ####..#..# ##..#
##..###..## #.....## #..##


You could see 3 electric eels.

Vanquished Creatures
  Eustachio (D:5)
  A yak (D:5)
  2 ogres
  3 electric eels (D:5)
  3 hounds
  3 orc priests
  3 jellies (D:4)
  Jessica (D:2)
  An iguana (D:4)
  2 orc wizards (D:5)
  Natasha (twice) (D:4)
  An adder (D:2)
  3 gnolls (D:5)
  An ufetubus (D:5)
  3 worms
  A dart slug (D:4)
  11 orcs
  2 ball pythons (D:4)
  9 endoplasms
  2 giant cockroaches
  3 goblins
  3 hobgoblins
  4 jackals (D:3)
  8 kobolds
  3 quokkas
76 creatures vanquished.

Vanquished Creatures (others)
  108 foxfires
  7 fungi (D:4)
  4 plants (D:5)
  6 toadstools (D:4)
125 creatures vanquished.

Grand Total: 201 creatures vanquished

Notes
Turn   | Place    | Note
-------+----------+-------------------------------------------
     0 | D:1      | hawla the Meteoran Fire Elementalist began the quest for
                  | the Orb.
     0 | D:1      | Reached XP level 1. HP: 14/14 MP: 5/5
    89 | D:2      | Reached XP level 2. HP: 10/20 MP: 3/6
    93 | D:2      | Noticed Jessica
   104 | D:2      | Killed Jessica
   105 | D:2      | Reached XP level 3. HP: 10/26 MP: 4/8
   108 | D:2      | Learned a level 2 spell: Scorch
   125 | D:3      | Reached XP level 4. HP: 21/33 MP: 7/9
   140 | D:3      | Reached skill level 5 in Fire Magic
   161 | D:3      | Learned a level 4 spell: Flame Wave
   185 | D:3      | Reached XP level 5. HP: 38/38 MP: 6/11
   376 | D:4      | Noticed an ogre
   382 | D:4      | Killed an ogre
   383 | D:4      | Reached XP level 6. HP: 15/45 MP: 7/12
   423 | D:4      | Noticed Natasha
   425 | D:4      | Killed Natasha
   426 | D:4      | Reached skill level 5 in Conjurations
   591 | D:4      | Reached XP level 7. HP: 40/51 MP: 4/13
   625 | D:4      | Learned a level 3 spell: Vampiric Draining
   774 | D:4      | Reached skill level 1 in Necromancy
   960 | D:4      | Noticed Natasha
   963 | D:4      | Killed Natasha
   998 | D:5      | Entered Level 5 of the Dungeon
  1163 | D:5      | Noticed Eustachio
  1186 | D:5      | Killed Eustachio
  1187 | D:5      | Reached skill level 1 in Long Blades
  1192 | D:5      | Learned a level 4 spell: Olgreb's Toxic Radiance
  1290 | D:5      | Reached XP level 8. HP: 35/58 MP: 15/15
  1292 | D:5      | Reached skill level 1 in Poison Magic
  1361 | D:5      | Noticed a yak
  1369 | D:5      | Killed a yak
  1604 | D:5      | Reached skill level 5 in Poison Magic
  1685 | D:5      | Identified the +5 hand axe "Jaciq" {venom, Will+ Int+2}
  2254 | D:5      | Reached skill level 1 in Fighting
  2458 | D:5      | Killed from afar by an electric eel

Illustrated notes

Levels and vault maps discovered:
D:1:      lemuel_arrival_lava_pool, layout_loops_cross,
          shapermc_ecumenical_altar_hornbeckon
D:2:      layout_rooms, serial_park_tiny_1, st_stairs_3, uniq_jessica
D:3:      layout_rooms, fedhas_ov_isle_minmay
D:4:      cheibrodos_fertilizer, layout_basic, uniq_natasha
D:5:      cheibrodos_two_vegetables, layout_layer_cave, uniq_eustachio

Skill      XL: |  1  2  3  4  5  6  7  8 |
---------------+-------------------------+-----
Fire Magic     | 4 5 |  5.8
Dodging        | 3 |  3.5
Spellcasting   | 3 4 |  4.6
Conjurations   | 4 5 |  5.5
Necromancy     | 2 3 |  3.0
Long Blades    | 1 |  1.7
Poison Magic   | 5 |  5.8
Fighting       | 1 |  1.1
Stealth        | |  1.4

Action                   |  1- 3 |  4- 6 |  7- 9 || total
-------------------------+-------+-------+-------++-------
Melee: Unarmed           |     3 |     8 |       ||    11
       Staff             |       |     6 |       ||     6
       Long sword        |       |    14 |    42 ||    56
       Punch             |       |     1 |       ||     1
 Cast: Foxfire           |    15 |    28 |    18 ||    61
       Scorch            |       |    17 |     9 ||    26
       Flame Wave        |       |     2 |     8 ||    10
       Vampiric Draining |       |       |     6 ||     6
       Olgreb's Toxic Ra |       |       |     4 ||     4
  Use: Potion            |     1 |     1 |     2 ||     4
       Scroll            |       |     2 |       ||     2
Armor: Robe              |       |     6 |    11 ||    17
Dodge: Dodged            |     2 |    23 |    40 ||    65
